Map: Ley Lines

Players

Vaisravana

  • Race: Protoss Protoss
  • Spawn Location: 1:00

A.I. 1 (Very Easy) - Winner!

  • Race: Zerg Zerg
  • Spawn Location: 7:00

VOD

Have the link to the VOD?

Description

Time

  • Played on: Aug. 19, 2025, 1:08 p.m.
  • Length: 6:02
Show
View Real Time Build Order
Export as new Build Order

Vaisravana Protoss 

Build Orders: 1 Gate Expand, Oracle Opening 

Get SALT Encoding   

  12  0:00  Probe  
  13  0:12  Probe  
  14  0:18  Pylon  
  14  0:24  Probe  
  15  0:34  Probe  
  15  0:38  Gateway  
  15  0:42  Probe  
  16  0:47  Assimilator  
  17  0:51  Probe  
  18  1:03  Probe  
  19  1:15  Probe  
  20  1:26  Nexus  
  20  1:36  Cybernetics Core  
  20  1:39  Probe  
  21  1:46  Assimilator  
  21  1:51  Probe  
  22  1:54  Pylon  
  22  2:03  Probe, Adept  
  25  2:15  Probe  
  25  2:19  Stargate  
  26  2:27  Warp Gate  
  26  2:28  Probe  
  27  2:33  Stalker  
  27  2:35  Probe  
  27  2:36  Probe  
  29  2:43  Probe  
  31  2:44  Probe  
  33  2:52  Probe  
  33  2:54  Probe  
  35  3:04  Oracle, Probe  
  39  3:06  Probe  
  39  3:11  Pylon  
  40  3:17  Probe  
  40  3:18  Probe  
  42  3:22  Assimilator  
  42  3:26  Assimilator  
  42  3:29  Probe  
  42  3:30  Probe  
  42  3:31  Robotics Facility  
  44  3:41  Probe  
  45  3:42  Probe  
  46  3:53  Probe  
  46  3:54  Probe  
  48  3:58  Gateway  
  48  3:59  Gateway  
  48  4:01  Gateway  
  48  4:05  Pylon, Probe  
  48  4:06  Probe  
  50  4:13  Immortal  
  50  4:17  Probe  
  50  4:19  Probe, Sentry  
  58  4:26  Pylon  
  58  4:37  Gateway x2  
  58  4:39  Gateway  
  58  4:42  Warp Prism  
  58  4:43  Gateway  
  60  4:54  Sentry x2  
  60  4:58  Sentry x2  
  68  5:01  Pylon  
  68  5:05  Pylon  
  68  5:17  Observer  
  69  5:21  Pylon  
  69  5:22  Pylon  
  69  5:24  Sentry  
  69  5:25  Stalker x3  
  77  5:38  Stalker x3  
  77  5:40  Stalker  
  85  5:55  Stalker x3  
  91  5:57  Stalker  
Show
View Real Time Build Order
Export as new Build Order

A.I. 1 (Very Easy) Zerg - Winner!

Build Orders: Pool Only 

Get SALT Encoding   

  12  0:01  Drone  
  13  0:12  Overlord  
  13  0:17  Drone  
  14  0:34  Spawning Pool  
  13  0:37  Drone  
  13  0:41  Extractor  
  13  0:44  Drone  
  14  0:51  Overlord  
  14  1:22  Zergling x2  
  14  1:23  Queen  
  17  1:31  Roach Warren  
  16  1:33  Extractor  
  16  1:37  Drone  
  16  1:40  Zergling x2  
  16  1:44  Drone  
  18  1:58  Zergling x2  
  20  2:09  Drone  
  21  2:20  Drone  
  23  2:30  Overlord, Drone  
  24  2:37  Drone  
  25  2:44  Drone  
  25  4:14  Drone  
  23  4:22  Drone  
  24  4:29  Drone  
  25  5:44  Overlord, Drone  
Tags
 
Add a new tag
Caveats
  • Supply blocks, unpowered buildings, or Contaminate may cause inaccurate times.
  • Supply counts are checked every 10 seconds.